 Dungeon Sprint DCSS version 0.20-a0-785-g17250f0 (webtiles) character file.

7073 esc the Fighter (level 10, -4/100 HPs)
             Began as a Centaur Fighter on Feb 27, 2017.
             Was the Champion of Wu Jian.
             Slain by a nine-headed hydra (5 damage)
             ... in the Dungeon (Sprint V: "Ziggurat Sprint").
             The game lasted 00:09:05 (593 turns).

esc the Fighter (Centaur Fighter)                    Turns: 593, Time: 00:09:07

Health: -4/100     AC: 27    Str: 33    XL:     10   Next: 84%
Magic:  12/13      EV:  2    Int:  7    God:    Wu Jian [******]
Gold:   0          SH: 31    Dex: 10    Spells: 9/9 levels left

rFire    . . .     SeeInvis +   T - +14 obsidian axe {chop, +Fly SInv *Curse} (curse)
rCold    . . .     Gourm    .   M - +15 Maxwell's patent armour {-Cast -Tele rElec MR+ rCorr}
rNeg     + . .     Faith    .   N - +18 shield of the Gong {rElec rN+ MR+ EV-5}
rPois    .         Spirit   .   (no helmet)
rElec    +         Reflect  .   (no cloak)
rCorr    +         Harm     .   (no gloves)
MR       ++...     NoTele   +   (no barding) Stlth ..........NoCast +
                                (no amulet)
Regen    0.3/turn               K - +6 ring of strength
MPRegen  0.2/turn               J - +6 ring of strength

@: exhausted, mesmerised, glowing, heaven on earth, very quick
A: hooves 3, deformed body, speed 2, tough skin 3
a: Serpent's Lash, Heaven On Earth, Renounce Religion, Evoke Flight


You were in the Dungeon.
You worshipped Wu Jian.
Wu Jian was exalted by your worship.
You were not hungry.

You visited 1 branch

Inventory:

Hand Weapons
 T - the cursed +14 obsidian axe (weapon) {chop, +Fly SInv *Curse}
   (You found it in the Dungeon)

   It inflicts extra damage upon your enemies.
   It lets you see invisible.
   It lets you fly.
   It curses itself when equipped.
   It has a curse placed upon it.
Armour
 M - the +15 Maxwell's patent armour (worn) {-Cast -Tele rElec MR+ rCorr}
   (You found it in the Dungeon)

   It insulates you from electricity.
   It affects your resistance to hostile enchantments.
   It prevents spellcasting.
   It prevents most forms of teleportation.
   It protects you from acid and corrosion.
 N - the +18 shield of the Gong (worn) {rElec rN+ MR+ EV-5}
   (You found it in the Dungeon)

   It affects your evasion (-5).
   It insulates you from electricity.
   It protects you from negative energy.
   It affects your resistance to hostile enchantments.
Jewellery
 F - a +6 ring of dexterity
   (You found it in the Dungeon)
 G - a +6 ring of dexterity
   (You found it in the Dungeon)
 H - a +6 ring of intelligence
   (You found it in the Dungeon)
 I - a +6 ring of intelligence
   (You found it in the Dungeon)
 J - a +6 ring of strength (left hand)
   (You found it in the Dungeon)
 K - a +6 ring of strength (right hand)
   (You found it in the Dungeon)
 O - an uncursed ring of protection from fire {rF+, !d}
   (You found it in the Dungeon)
Wands
 y - a wand of disintegration (7/24)
   (You found it in the Dungeon)
 A - a wand of iceblast (2/15)
   (You found it in the Dungeon)
 B - a wand of lightning (5/15)
   (You found it in the Dungeon)
 C - a wand of acid (4/15)
   (You found it in the Dungeon)
Scrolls
 k - 4 scrolls of blinking {!r}
 o - 4 scrolls of enchant armour
 q - 4 scrolls of amnesia
 r - 3 scrolls of recharging
 s - 7 scrolls of fog
 t - a scroll of holy word {!r}
 u - 5 scrolls of identify
 v - 5 scrolls of remove curse
 w - 2 scrolls of fear
Potions
 d - 6 potions of might
 e - 9 potions of curing
 g - 10 potions of heal wounds
 h - 6 potions of haste
 i - 7 potions of magic
 j - 3 potions of berserk rage {!q}
 l - 2 potions of brilliance
 m - 2 potions of invisibility
 n - 4 potions of resistance
 p - 6 potions of agility
Miscellaneous
 a - a phial of floods
   (You found it in the Dungeon)
 b - a lamp of fire
   (You found it in the Dungeon)
 D - a fan of gales
   (You found it in the Dungeon)
 E - a crystal ball of energy
   (You found it in the Dungeon)
 L - a lightning rod (1/4)
   (You found it in the Dungeon)
Comestibles
 c - a chunk of flesh {@w0}
 f - 5 bread rations {@e1}
 x - 42 fruits
 z - 4 meat rations {@e2}


   Skills:
 + Level 12.9 Fighting
 + Level 11.8 Axes
 + Level 10.2 Armour
 + Level 3.9 Dodging
 + Level 10.2 Shields
 + Level 4.7 Evocations


You had 9 spell levels left.
You didn't know any spells.

Dungeon Overview and Level Annotations

Branches:
Dungeon (1/1)

Altars:
Ashenzari
Cheibriados
Dithmenos
Elyvilon
Fedhas
Gozag
Hepliaklqana
Kikubaaqudgha
Makhleb
Nemelex Xobeh
Okawaru
Qazlal
Ru
Sif Muna
Trog
Uskayaw
Vehumet
Wu Jian
Xom
Yredelemnul
Zin
The Shining One
Beogh
Jiyva
Lugonu


Innate Abilities, Weirdness & Mutations

You have hooves in place of feet.
Armour fits poorly on your strangely shaped body.
You cover ground very quickly.
You have extremely tough skin. (AC +3)


Message History

Your surroundings seem different!
Welcome to arena 11.
A rime drake, a swamp drake, a fire dragon and 2 ice dragons come into view.
Visions of slaying the swamp drake flood into your mind.
The ice dragon roars deafeningly!
The fire dragon roars deafeningly!
The swamp drake roars!
The ice dragon roars deafeningly!
The rime drake breathes ice at you. You block the flash freeze.
PANG!
A seven-headed hydra comes into view.
The seven-headed hydra roars!
You hear a roar!
You hear a deafening roar!
A wyvern, a rime drake, a swamp drake and an ice dragon come into view.
Visions of slaying the fire dragon flood into your mind.
The swamp drake roars!
The rime drake hisses angrily.
The wyvern hisses angrily.
The ice dragon roars deafeningly!
Visions of slaying the ice dragon flood into your mind.
The fire dragon breathes flames at you. The blast of flame hits you!
The ice dragon breathes frost at you. The blast of cold hits you!
You take 64 damage, and have 35/99 hp.
MASSIVE DAMAGE!!
Okay, then.
Okay, then.
The air is filled with shimmering golden clouds!
You feel the urge to strike!
Sifu Jiang Wei says: The storm will not ease as long as you keep fighting, disciple!
The ice dragon breathes frost at you. The blast of cold hits you!
* * * LOW HITPOINT WARNING * * *
You take 24 damage, and have 11/99 hp.
MASSIVE DAMAGE!!
Your muscles tense, ready for explosive movement...
You lunge at the ice dragon with incredible momentum!
You cut the ice dragon into ribbons!!!! You kick the ice dragon.
You break out of your daze!
You kill the ice dragon!
The Council accepts your kill.
Your Dodging skill increases to level 3!
Your Shields skill increases to level 10!
You spin and attack the wyvern with incredible momentum!
You slice the wyvern like a ripe choko!!!!
You kill the wyvern!
The Council accepts your kill.
Your Armour skill increases to level 10!
Your Evocations skill increases to level 4!
Swooosh!
You lunge at the seven-headed hydra, but your attack speed is too slow for a blow to land.
You spin and attack the fire dragon with incredible momentum!
You open the fire dragon like a pillowcase!!!
Your kick misses the fire dragon.
SWOOSH!
You slice the fire dragon!!
You kill the fire dragon!
The Council accepts your kill.
The fire dragon scales are intact enough to wear.
You hack one of the seven-headed hydra's heads off!
The six-headed hydra grows two more!
You slice the eight-headed hydra!! You open a gate to Pandemonium!
A demon appears!
Your Maxwell's patent armour prevents you from hitting the ice dragon.
Visions of slaying the ice dragon flood into your mind.
Something bites your red devil but does no damage. x2
The ice dragon bites you.
* * * LOW HITPOINT WARNING * * *
The ice dragon claws you.
* * * LOW HITPOINT WARNING * * *
You block the ice dragon's attack.
GONNNNG!
You block the eight-headed hydra's attack.
SHROANNG!
The eight-headed hydra bites you but does no damage.
You block the eight-headed hydra's attack.
GONNNNG!
The eight-headed hydra bites you but does no damage. x2
The eight-headed hydra bites you.
* * * LOW HITPOINT WARNING * * *
The eight-headed hydra completely misses you.
The eight-headed hydra bites you but does no damage.
The ice dragon bites your red devil! The ice dragon claws your red devil.
The ice dragon misses your red devil.
You take 11 damage, and have 1/100 hp.
You cannot move away from the ice dragon!
You barely miss the ice dragon. You kick the ice dragon!!
You lop one of the eight-headed hydra's heads off!
The seven-headed hydra grows two more!
You slash the nine-headed hydra! You slice the swamp drake!!
You slice the rime drake!!
You kill the rime drake!
The Council accepts your kill.
The swamp drake breathes noxious fumes at you.
The noxious blast engulfs you! Something bites your red devil.
You block the ice dragon's attack.
PANG!
The ice dragon claws you but does no damage.
You block the ice dragon's attack.
BONNNG!
You block the nine-headed hydra's attack.
GONNNNG!
The nine-headed hydra bites you but does no damage. x2
You block the nine-headed hydra's attack.
PANG!
The nine-headed hydra bites you but does no damage.
The nine-headed hydra bites you.
You die...

▓.........▓.......▓
▓▓▓▓▓▓▓▓▓▓▓▓▓▓▓▓▓▓▓
▓...8©8...▓...8©8...▓
▓..|::}:..▓..=)|3=..▓
▓..|=k"|..▓...}E))..▓
▓..kk§D...▓.........▓
▓§§§4§kD..▓.........▓
▓§§kDD§...▓.........▓
▓§§§@D§...▓.........▓
▓§§§§§§...▓.........▓
▓§▓§§§§.▓.▓.........▓
▓.§§§§....▓▓▓▓▓▓▓▓▓▓▓
▓▓▓▓▓▓▓▓▓▓▓


You could see 2 ice dragons, a nine-headed hydra, a rime drake, a swamp drake
and a friendly red devil.

Vanquished Creatures
  A fire dragon (D)
  An ice dragon (D)
  A dancing weapon (D)
  A deep elf archer (D)
  2 deep elf magi (D)
  A shining eye (D)
  A black mamba (D)
  A rime drake (D)
  3 slime creatures (D)
  A wyvern (D)
  2 nagas (D)
  3 water moccasins (D)
  2 floating eyes (D)
  An ice beast (D)
  A necrophage (D)
  3 phantoms (D)
  3 scorpions (D)
  6 wights (D)
  2 jellies (D)
  3 adders (D)
  A white imp (D)
  3 oozes (D)
  An adder zombie (D)
  4 bat skeletons (D)
  A bat zombie (D)
  A ball python (D)
  A ball python skeleton (D)
  A jackal skeleton (D)
  A leopard gecko skeleton (D)
53 creatures vanquished.

Vanquished Creatures (collateral kills)
  An eye of devastation (D)
  A slime creature (D)
  A water moccasin (D)
  A jelly (D)
  An ooze (D)
5 creatures vanquished.

Grand Total: 58 creatures vanquished

Notes
Turn   | Place    | Note
-------+----------+-------------------------------------------
     0 | D        | esc the Centaur Fighter began the quest for the Orb.
     0 | D        | Reached XP level 1. HP: 19/19 MP: 1/1
     0 | D        | Found a deep blue altar of Sif Muna.
     0 | D        | Found a sacrificial altar of Ru.
     0 | D        | Found a bloodstained altar of Trog.
     0 | D        | Found a stormy altar of Qazlal.
     0 | D        | Found an iron altar of Okawaru.
     0 | D        | Found a sparkling altar of Nemelex Xobeh.
     0 | D        | Found a blossoming altar of Fedhas.
     2 | D        | Found an ancient bone altar of Kikubaaqudgha.
     2 | D        | Found a viscous altar of Jiyva.
     2 | D        | Found a corrupted altar of Lugonu.
     2 | D        | Found a hazy altar of Hepliaklqana.
     2 | D        | Found a burning altar of Makhleb.
     2 | D        | Found an opulent altar of Gozag.
    70 | D        | Became a worshipper of the Wu Jian Council
    72 | D        | Reached skill level 4 in Fighting
    72 | D        | Reached skill level 3 in Axes
    72 | D        | Reached skill level 3 in Armour
    72 | D        | Reached skill level 3 in Shields
    72 | D        | Reached XP level 2. HP: 28/28 MP: 2/2
    90 | D        | Entered arena 1.
    90 | D        | Noticed an ice beast
    93 | D        | Killed an ice beast
    93 | D        | Reached skill level 5 in Fighting
    93 | D        | Reached skill level 4 in Axes
    93 | D        | Reached skill level 4 in Armour
    93 | D        | Reached skill level 4 in Shields
    93 | D        | Reached XP level 3. HP: 37/37 MP: 3/3
    93 | D        | Reached XP level 4. HP: 44/44 MP: 4/4
    93 | D        | Reached skill level 6 in Fighting
    93 | D        | Reached skill level 5 in Axes
    98 | D        | Entered arena 2.
   100 | D        | Reached * piety under Wu Jian
   100 | D        | Reached XP level 5. HP: 51/51 MP: 5/5
   100 | D        | Reached skill level 5 in Armour
   100 | D        | Reached skill level 5 in Shields
   106 | D        | Reached skill level 7 in Fighting
   106 | D        | Reached skill level 6 in Axes
   115 | D        | Entered arena 3.
   118 | D        | Reached ** piety under Wu Jian
   130 | D        | Entered arena 4.
   130 | D        | Noticed a trident of venom
   130 | D        | Noticed a deep elf mage
   130 | D        | Noticed a deep elf archer
   130 | D        | Noticed a deep elf mage
   138 | D        | Killed a deep elf mage
   138 | D        | Reached *** piety under Wu Jian
   138 | D        | Reached skill level 8 in Fighting
   138 | D        | Reached skill level 7 in Axes
   138 | D        | Reached skill level 6 in Armour
   138 | D        | Reached skill level 6 in Shields
   138 | D        | Reached XP level 6. HP: 48/62 MP: 6/6
   138 | D        | Reached XP level 7. HP: 53/69 MP: 7/7
   140 | D        | Killed a deep elf mage
   140 | D        | Reached skill level 9 in Fighting
   140 | D        | Reached skill level 8 in Axes
   140 | D        | Reached skill level 7 in Armour
   140 | D        | Reached skill level 7 in Shields
   140 | D        | Reached XP level 8. HP: 31/78 MP: 8/8
   145 | D        | Killed a deep elf archer
   145 | D        | Reached skill level 10 in Fighting
   145 | D        | Reached skill level 9 in Axes
   153 | D        | Killed a trident of venom
   153 | D        | Reached skill level 8 in Armour
   153 | D        | Reached skill level 8 in Shields
   153 | D        | Reached XP level 9. HP: 33/86 MP: 9/9
   441 | D        | Entered arena 5.
   445 | D        | Reached **** piety under Wu Jian
   445 | D        | Reached skill level 11 in Fighting
   445 | D        | Reached skill level 10 in Axes
   458 | D        | Entered arena 6.
   458 | D        | Noticed a black mamba
   463 | D        | Reached ***** piety under Wu Jian
   465 | D        | Killed a black mamba
   466 | D        | Reached skill level 9 in Armour
   466 | D        | Reached skill level 9 in Shields
   509 | D        | Entered arena 7.
   509 | D        | Noticed a shining eye
   515 | D        | Killed a shining eye
   515 | D        | Reached ****** piety under Wu Jian
   521 | D        | Entered arena 8.
   535 | D        | Reached skill level 12 in Fighting
   535 | D        | Reached skill level 1 in Evocations
   544 | D        | Entered arena 9.
   548 | D        | Reached XP level 10. HP: 97/97 MP: 10/10
   548 | D        | Reached skill level 11 in Axes
   548 | D        | Reached skill level 1 in Dodging
   564 | D        | Entered arena 10.
   564 | D        | Noticed an eye of devastation
   565 | D        | Reached skill level 2 in Evocations
   569 | D        | Reached skill level 2 in Dodging
   577 | D        | Killed an eye of devastation
   577 | D        | Reached skill level 3 in Evocations
   587 | D        | Entered arena 11.
   587 | D        | Noticed an ice dragon
   587 | D        | Noticed a fire dragon
   587 | D        | Noticed an ice dragon
   587 | D        | Noticed a seven-headed hydra
   588 | D        | Noticed an ice dragon
   591 | D        | HP: 11/99 [ice dragon/blast of cold (24)]
   592 | D        | Killed an ice dragon
   592 | D        | Reached skill level 3 in Dodging
   592 | D        | Reached skill level 10 in Shields
   592 | D        | Reached skill level 10 in Armour
   592 | D        | Reached skill level 4 in Evocations
   592 | D        | Killed a fire dragon
   592 | D        | HP: 1/100 [eight-headed hydra (5)]
   593 | D        | Slain by a nine-headed hydra

Vault maps used:
D:        sprint_v

Skill      XL: |  1  2  3  4  5  6  7  8  9 10 |
---------------+-------------------------------+-----
Fighting       | 4 5 6 8 9 10 12 | 12.9
Axes           | 3 4 5 7 8 9 10 11 | 11.8
Armour         | 3 4 6 7 8 9 10 | 10.2
Shields        | 3 4 6 7 8 9 10 | 10.2
Evocations     | 1 4 |  4.7
Dodging        | 3 |  3.9

Action                   |  1- 3 |  4- 6 |  7- 9 | 10-12 || total
-------------------------+-------+-------+-------+-------++-------
Melee: Broad axe         |       |     7 |    47 |    21 ||    75
       Kick              |       |       |     8 |     7 ||    15
Invok: Serpent's Lash    |       |       |       |     1 ||     1
       Heaven On Earth   |       |       |       |     1 ||     1
Evoke: Lightning rod     |     2 |     1 |       |       ||     3
       Wand              |       |     3 |     1 |       ||     4
       Lamp of fire      |       |       |       |     1 ||     1
       Phial of floods   |       |       |       |     1 ||     1
  Use: Potion            |     1 |       |     1 |       ||     2
Armor: Plate armour      |       |     6 |    12 |    12 ||    30
Dodge: Dodged            |       |       |       |     3 ||     3
Block: Shield            |       |    13 |    54 |    23 ||    90

Vault maps used:
D:        sprint_v

Table legend:
 A = Turns spent in this place as a percentage of turns spent in the entire game.
 B = Non-inter-level travel turns spent in this place as a percentage of non-inter-level travel turns spent in the entire game.
 C = Inter-level travel turns spent in this place as a percentage of turns spent in this place.
 D = Turns resting spent in this place as a percentage of non-inter-level travel turns spent in this place.
 E = Turns spent auto-exploring this place as a percentage of non-inter-level travel turns spent in this place.
 F = Non-inter-level travel turns spent in this place divided by the number of levels of this place that you've seen.
                   A       B       C       D       E      F
               +-------+-------+-------+-------+-------+----------------------
         Total | 100.0 | 100.0 |   0.0 |   2.0 |   0.0 | 303.0
       Dungeon | 100.0 | 100.0 |   0.0 |   2.0 |   0.0 | 303.0
               +-------+-------+-------+-------+-------+----------------------

Table legend:
 A = Kills in this place as a percentage of kills in entire the game.
 B = Kills by you in this place as a percentage of kills by you in the entire game.
 C = Kills by friends in this place as a percentage of kills by friends in the entire game.
 D = Other kills in this place as a percentage of other kills in the entire game.
 E = Experience gained in this place as a percentage of experience gained in the entire game.
 F = Experience gained in this place divided by the number of levels of this place that you have seen.
                   A       B       C       D       E      F
               +-------+-------+-------+-------+-------+----------------------
         Total | 100.0 | 100.0 | 100.0 |  -nan | 100.0 | 10093.0
       Dungeon | 100.0 | 100.0 | 100.0 |  -nan | 100.0 | 10093.0
               +-------+-------+-------+-------+-------+----------------------
